 Dungeon Crawl Stone Soup version 0.19-a0-1827-g174f941 (webtiles) character file.

353 4thArraOfDagon the Ruffian (level 6, -2/48 HPs)
             Began as a Troll Transmuter on Oct 7, 2016.
             Slain by an orc priest
             ... wielding a +0 short sword
              (7 damage)
             ... on level 4 of the Dungeon.
             The game lasted 00:04:42 (759 turns).

4thArraOfDagon the Ruffian (Troll Transmuter)        Turns: 759, Time: 00:04:44

Health: -2/48      AC:  7    Str: 19    XL:     6   Next: 35%
Magic:  7/7        EV: 10    Int: 11    God:
Gold:   117        SH:  0    Dex: 10    Spells: 1 memorised, 8 levels left

rFire  + . .     SeeInvis .       - Unarmed
rCold  + + +     Gourm    +     i - +2 robe {rC+}
rNeg   . . .     Faith    .     (no shield)
rPois  +         Spirit   .     (helmet restricted)
rElec  +         Dismiss  .     (no cloak)
rCorr  +         Reflect  .     (gloves unavailable)
MR     .....     Harm     .     (boots unavailable)
Stlth  +......... Rnd*Rage +    (no amulet)
                                (no ring)
                                m - ring of protection from cold

@: resistant
A: unfitting armour, claws 3, berserk 1, fast metabolism 3, frail 1, gourmand,
low mp 1, regeneration 1, shaggy fur 1, tough skin 2
a: no special abilities


You were on level 4 of the Dungeon.
You were not hungry.

You visited 1 branch of the dungeon, and saw 7 of its levels.

You collected 117 gold pieces.

Inventory:

Missiles
 a - 12 arrows
 k - 2 large rocks (quivered)
Armour
 b - a +0 robe
 i - a +2 robe of cold resistance (worn)
Jewellery
 m - a ring of protection from cold (left claw)
Wands
 l - a wand of hasting (9/9)
Scrolls
 j - 2 scrolls of remove curse
Potions
 e - a potion of agility
 h - a potion of might
Books
 c - a book of Changes

   Spells                             Type                      Level
   a - Beastly Appendage              Transmutation                1
   b - Sticks to Snakes               Transmutation                2
   c - Spider Form                    Transmutation/Poison         3
   d - Ice Form                       Ice/Transmutation            4
   e - Blade Hands                    Transmutation                5
Comestibles
 d - 2 bread rations


   Skills:
 - Level 0.7 Fighting
 - Level 1.5 Dodging
 * Level 5.0 Unarmed Combat
 + Level 2.1 Spellcasting
 * Level 3.4 Transmutations


You had 8 spell levels left.
You knew the following spells:

 Your Spells              Type           Power        Failure   Level  Hunger
a - Beastly Appendage     Tmut           #.....       10%         1    ##.....


Dungeon Overview and Level Annotations

Branches:
Dungeon (7/15)
 Temple: D:4-7

Altars:
Dithmenos
Fedhas


Innate Abilities, Weirdness & Mutations

You are too large for most types of armour.
You have claws for hands.
Your metabolism is lightning-fast.
You like to eat raw meat.
Your natural rate of healing is unusually fast.
You are covered in fur. (AC +1)
You have very tough skin. (AC +2)
You tend to lose your temper in combat.
You are frail. (-10% HP)
Your magical capacity is low. (-10% MP)


Message History

Unknown command.
You scratch the orc priest.
The orc priest is lightly wounded.
The orc barely misses you. The orc hits you with a hand axe.
* * * LOW HITPOINT WARNING * * *
The orc wizard hits you but does no damage.
Unknown command.
Unknown command.
Unknown command.
Unknown command.
It was a potion of resistance.
You feel protected.
The orc priest hits you but does no damage.
The orc hits you with a flail of protection.
* * * LOW HITPOINT WARNING * * *
The orc completely misses you. The orc wizard barely misses you.
Unknown command.
It was a potion of magic.
Magic courses through your body.
The orc priest hits you with a short sword!
You die...

.##.# ..... ..#.# #.....
..#.######.....
..#..........
#.#........# .#........#
.
.#........##########...
#.#........#...o........
..#........'...o@...!...
.###.......#...oo......[
...........w#+#######...
o##........... .
.##............#
###............# #
#............#
###............#
o(.............#


You could see a worm, an orc priest, an orc wizard and 2 orcs.

Vanquished Creatures
  A sky beast (D:7)
  2 bullfrogs
  A bullfrog skeleton (D:5)
  A worker ant (D:4)
  A hound skeleton (D:7)
  A howler monkey skeleton (D:6)
  2 adders
  An adder zombie (D:6)
  7 orcs
  A bat (D:2)
  3 giant cockroaches
  A goblin (D:1)
  3 hobgoblins
  2 jackals (D:6)
  A quokka (D:6)
  A frilled lizard (D:2)
  3 kobolds
  A quokka zombie (D:6)
33 creatures vanquished.

Notes
Turn   | Place    | Note
-------+----------+-------------------------------------------
     0 | D:1      | 4thArraOfDagon the Troll Transmuter began the quest for the Orb.
     0 | D:1      | Reached XP level 1. HP: 18/18 MP: 1/1
     6 | D:1      | Noticed a salamander
     6 | D:1      | Noticed a four-headed hydra
     8 | D:1      | Noticed a wolf
    82 | D:2      | Found a blossoming altar of Fedhas.
   108 | D:2      | Reached XP level 2. HP: 25/26 MP: 3/3
   154 | D:5      | Entered Level 5 of the Dungeon
   160 | D:5      | Reached XP level 3. HP: 30/32 MP: 4/4
   241 | D:6      | Reached XP level 4. HP: 40/40 MP: 5/5
   255 | D:6      | Found a shadowy altar of Dithmenos.
   293 | D:7      | Noticed an orc warrior
   327 | D:7      | Noticed a sky beast
   358 | D:7      | Killed a sky beast
   358 | D:7      | Reached skill level 4 in Unarmed Combat
   358 | D:7      | Reached XP level 5. HP: 18/46 MP: 6/6
   364 | D:7      | Gained mutation: Your magical capacity is low. (-10% MP) [mutagenic meat]
   367 | D:7      | Gained mutation: You are frail. (-10% HP) [mutagenic meat]
   370 | D:7      | Gained mutation: You tend to lose your temper in combat. [mutagenic meat]
   458 | D:7      | HP: 1/41 [bullfrog (5)]
   641 | D:4      | Reached XP level 6. HP: 48/48 MP: 7/7
   754 | D:4      | Reached skill level 5 in Unarmed Combat
   759 | D:4      | Slain by an orc priest

Vault maps used:
D:1:      onia_arrival_zoo_common, minmay_shallow_snake_nest
D:2:      lemuel_coloured_pillars_altar, lemuel_crystal_altar, uniq_iyjb
D:3:      nicolae_overflow_crystal_walls, first_bread, okawaru_gym_becter,
          uniq_natasha
D:4:      kennysheep_little_box
D:5:      lemuel_crystal_altar, uniq_eustachio
D:6:      grunt_dithmenos_smoke_and_mirrors, minmay_misc_feat_tiny,
          eino_tiny_chamber, grunt_gozag_breadcrumbs

Skill      XL: |  1  2  3  4  5  6 |
---------------+-------------------+-----
Transmutations | 2 3 |  3.4
Unarmed Combat | 4 5 |  5.0
Spellcasting   | 2 |  2.1
Fighting       | |  0.7
Dodging        | |  1.5

Action                   |  1- 3 |  4- 6 || total
-------------------------+-------+-------++-------
Melee: Unarmed           |    41 |    72 ||   113
       Punch             |     1 |     1 ||     2
  Use: Scroll            |       |     4 ||     4
       Potion            |       |     4 ||     4
  Eat: Chunk             |       |    10 ||    10
Armor: Robe              |     7 |    47 ||    54
Dodge: Dodged            |    26 |    49 ||    75
